 Dungeon Sprint DCSS version 0.30.1-9-gdf580d7c3d (webtiles) character file.

Game seed: 8356936841156648974

121 Heoruswealwe the Spear-Bearer (level 4, -1/45 HPs)
             Began as a Minotaur Fighter on Oct 13, 2023.
             Succumbed to a water moccasin's poison
             ... in the Dungeon (Sprint IX: "|||||||||||||||||||||||||||||").
             The game lasted 00:01:03 (52 turns).

Heoruswealwe the Spear-Bearer (Minotaur Fighter)      Turns: 52, Time: 00:01:04

Health: -1/45      AC:  7    Str: 23    XL:     4   Next: 76%
Magic:  3/3        EV:  9    Int:  5    God:
Gold:   0          SH:  4    Dex:  9    Spells: 3/3 levels left

rFire   . . .        a - +0 trident
rCold   . . .        d - +0 buckler
rNeg    . . .        c - +0 scale mail
rPois   .            (helmet restricted)
rElec   .            (no cloak)
rCorr   .            (no gloves)
SInv    .            (no boots)
Will    .....        (no amulet) Stlth
                     (no ring)
HPRegen 0.27/turn    (no ring)
MPRegen 0.08/turn

%: no teleportation
@: lethally poisoned (-1 -> -25)
A: horns 2, retaliatory headbutt
a: no special abilities


You were in the Dungeon.
You visited 1 branch

Inventory:

Hand Weapons
 a - a +0 trident (weapon)
Armour
 c - a +0 scale mail (worn)
 d - a +0 buckler (worn)
Scrolls
 j - a scroll of blinking
Potions
 b - a potion of might
 g - a potion of haste
 i - a potion of berserk rage


   Skills:
 + Level 6.7 Fighting
 * Level 8.4 Polearms
 + Level 6.7 Armour
 - Level 3.6 Shields


You had 3 spell levels left.
You didn't know any spells.
Your spell library was empty.

Dungeon Overview and Level Annotations

Branches:
Dungeon (1/1)

Altars:


Innate Abilities, Weirdness & Mutations

You have a pair of horns on your head.
You reflexively headbutt those who attack you in melee.


Message History

You kill the scorpion!
Your Fighting skill increases to level 6!
Your Polearms skill gained 2 levels and is now at level 7!
Your Armour skill increases to level 6!
You have reached level 4!
You feel stronger.
You barely miss the iguana. The iguana bites you.
You closely miss the iguana. Your headbutt misses the iguana.
You barely miss the iguana. You headbutt the iguana!
The iguana is heavily wounded.
The iguana barely misses you. You furiously retaliate!
You headbutt the iguana!
You kill the iguana!
Your Polearms skill increases to level 8!
You hit the water moccasin.
The water moccasin is lightly wounded.
The water moccasin bites you but does no damage.
You barely miss the water moccasin.
Your headbutt misses the water moccasin.
The water moccasin is lightly wounded.
The water moccasin bites you.
You are poisoned.
The water moccasin poisons you!
The water moccasin bites you but does no damage.
You hit the water moccasin.
The water moccasin is moderately wounded.
You feel very sick. The water moccasin bites you!
* * * LOW HITPOINT WARNING * * *
You closely miss the water moccasin.
The water moccasin is moderately wounded.
* * * LOW HITPOINT WARNING * * *
You feel very sick. The water moccasin bites you.
* * * LOW HITPOINT WARNING * * *
You are more poisoned.
The water moccasin poisons you!
Okay, then.
You puncture the water moccasin!
The water moccasin is severely wounded.
You die...

▓+▓
▓.▓
▓.▓
▓.▓
▓.▓
▓5▓
▓S▓
▓@▓
▓.▓
▓.▓
▓.▓
▓.▓
▓)▓
▓.▓
▓!▓
▓.▓


You could see a water moccasin and an ufetubus.

Vanquished Creatures
  A scorpion (D)
  2 iguanas (D)
  A bat (D)
  An endoplasm (D)
  A giant cockroach (D)
  2 kobolds (D)
8 creatures vanquished.

Notes
Turn   | Place    | Note
-------+----------+-------------------------------------------
     0 | D        | Heoruswealwe the Minotaur Fighter began the quest for the
                  | Orb.
     0 | D        | Reached XP level 1. HP: 19/19 MP: 0/0
    11 | D        | Reached skill level 3 in Polearms
    22 | D        | Reached skill level 4 in Polearms
    29 | D        | Noticed a water moccasin
    29 | D        | Noticed an iguana
    29 | D        | Noticed a scorpion
    29 | D        | Noticed an iguana
    38 | D        | Killed an iguana
    39 | D        | Reached skill level 5 in Fighting
    39 | D        | Reached skill level 5 in Polearms
    39 | D        | Reached skill level 5 in Armour
    39 | D        | Reached XP level 2. HP: 13/29 MP: 1/1
    39 | D        | Reached XP level 3. HP: 17/36 MP: 2/2
    44 | D        | Killed a scorpion
    45 | D        | Reached skill level 7 in Polearms
    45 | D        | Reached XP level 4. HP: 25/45 MP: 3/3
    48 | D        | Reached skill level 8 in Polearms
    52 | D        | Succumbed to a water moccasin's poison

Illustrated notes

Levels and vault maps discovered:
D:        linesprint [early_d, line_temple, items_1, d_10, items_2, lair_1,
          lair_end, items_3, orc_1, orc_end, items_4, d_15, swamp_1, shoals_1,
          snake_1, spider_1, d_20, vaults_1, items_5, swamp_end, shoals_end,
          snake_end, spider_end, vaults_end, d_27, items_6, zot_1, zot_end,
          crypt_end, forest_end, elf_end, slime_end, tomb_end, abyss_end,
          pan_hell_end]

Skill      XL: |  1  2  3  4 |
---------------+-------------+-----
Polearms       | 5 7 8 |  8.4
Fighting       | 5 6 |  6.7
Armour         | 5 6 |  6.7
Shields        | |  3.6

Action                     |  1- 3 |  4- 6 || total
---------------------------+-------+-------++-------
  Melee: Trident           |    28 |     8 ||    36
         Headbutt          |     4 |     1 ||     5
    Use: Potion            |     2 |       ||     2
 Armour: Scale mail        |     5 |     2 ||     7
  Dodge: Dodged            |    11 |     1 ||    12
  Block: Buckler           |     4 |       ||     4
